 Dungeon Crawl Stone Soup version 0.21-a0-372-gd0ff781 (webtiles) character file.

5385 Drevant the Zephyrmancer (level 10, 0/88 HPs)
             Began as a Black Draconian Wanderer on Oct 17, 2017.
             Was an Initiate of Gozag.
             Slain by a hornet (13 damage)
             ... on level 9 of the Dungeon.
             The game lasted 00:33:16 (10721 turns).

Drevant the Zephyrmancer (DrWn)                    Turns: 10721, Time: 00:33:17

Health: 0/88       AC: 11    Str: 14    XL:     10   Next: 39%
Magic:  3/22       EV: 11    Int: 15    God:    Gozag
Gold:   195        SH:  0    Dex: 12    Spells: 20/25 levels left

rFire    . . .     SeeInvis .   i - +1 spear (pierce)
rCold    . . .     Gourm    .   (no shield)
rNeg     . . .     Faith    .   (armour unavailable)
rPois    .         Spirit   .   m - +2 hat
rElec    +         Reflect  .   (no cloak)
rCorr    .         Harm     .   B - +0 pair of gloves
MR       .....                  G - +0 pair of boots
Stlth    +.........             (no amulet)
HPRegen  0.24/turn              (no ring)
MPRegen  0.18/turn              (no ring)

@: slowed, very slow
A: breathe lightning, unfitting armour, electricity resistance, cold-blooded, AC
+7
a: Breathe Lightning, Potion Petition, Call Merchant, Bribe Branch, Renounce
Religion


You were on level 9 of the Dungeon.
You worshipped Gozag.
Gozag was aware of your devotion.
You were hungry.

You visited 1 branch of the dungeon, and saw 9 of its levels.

You collected 1250 gold pieces.
You spent 216 gold pieces at shops.
You paid 839 gold pieces to Gozag.

Inventory:

Hand Weapons
 c - a +0 club
 e - a +0 spear
 i - a +1 spear of piercing (weapon)
 x - the cursed +0 dagger of the Neverending Stars {freeze, rF++, unknown}
   (You found it on level 7 of the Dungeon)

   It has been specially enchanted to freeze those struck by it, causing extra
   injury to most foes and up to half again as much damage against particularly
   susceptible opponents.
   It can also slow down cold-blooded creatures.
   It greatly protects you from fire.
   It has a curse placed upon it.
Armour
 m - a +2 hat (worn)
 B - a +0 pair of gloves (worn)
 G - a +0 pair of boots (worn)
Jewellery
 y - an uncursed ring of poison resistance {unknown}
 A - an uncursed ring of stealth {unknown}
 F - a cursed ring of teleportation {unknown}
 K - an uncursed ring of magical power {unknown}
Wands
 r - a wand of iceblast (7/15)
 z - a wand of iceblast (8/15)
 D - a wand of random effects (23/48)
 E - a wand of digging (1/24)
 H - a wand of iceblast (5/15)
Scrolls
 f - 4 scrolls of identify
 j - 3 scrolls of immolation {unknown}
 k - 3 scrolls of blinking {unknown}
 o - 2 scrolls of remove curse {unknown}
 s - 5 scrolls of teleportation {unknown}
 u - 3 scrolls of enchant armour {unknown}
Potions
 b - 4 potions of curing
 g - a potion of mutation
 h - a potion of berserk rage {unknown}
 n - a potion of flight {unknown}
 p - a potion of degeneration {unknown}
 q - a potion of haste {unknown}
 w - a potion of might
 C - a potion of brilliance {unknown}
 J - a potion of heal wounds {unknown}
Books
 a - a book of Air

   Spells                             Type                      Level
   a - Shock                          Conjuration/Air              1
   b - Swiftness                      Charms/Air                   2
   c - Static Discharge               Conjuration/Air              3
   d - Airstrike                      Air                          4
   e - Lightning Bolt                 Conjuration/Air              5
 l - a book of Changes

   Spells                             Type                      Level
   a - Beastly Appendage              Transmutation                1
   b - Sticks to Snakes               Transmutation                2
   c - Spider Form                    Transmutation/Poison         3
   d - Ice Form                       Ice/Transmutation            4
   e - Blade Hands                    Transmutation                5
 v - a Young Poisoner's Handbook

   Spells                             Type                      Level
   a - Sting                          Conjuration/Poison           1
   b - Poisonous Vapours              Poison/Air                   2
   c - Mephitic Cloud                 Conjuration/Poison/Air       3
   d - Olgreb's Toxic Radiance        Poison                       4
   e - Venom Bolt                     Conjuration/Poison           5
 I - a book of Debilitation

   Spells                             Type                      Level
   a - Corona                         Hexes                        1
   b - Slow                           Hexes                        2
   c - Inner Flame                    Hexes/Fire                   3
   d - Portal Projectile              Hexes/Translocation          3
   e - Cause Fear                     Hexes                        4
   f - Leda's Liquefaction            Hexes/Earth                  4
Comestibles
 d - 5 bread rations


   Skills:
 + Level 8.2 Fighting
   Level 1.7 Crossbows
 - Level 1.7 Throwing
 - Level 8.4 Spellcasting
 * Level 12.3 Air Magic
   Level 0.7 Earth Magic


You had 20 spell levels left.
You knew the following spells:

 Your Spells              Type           Power        Failure   Level  Hunger
a - Shock                 Conj/Air       ###.         1%          1    None
b - Airstrike             Air            #####.....   1%          4    ####...


Dungeon Overview and Level Annotations

Branches:
Dungeon (9/15)             Temple (0/1) D:5            Lair (0/6) D:8
    Orc: D:9-12

Altars:
Elyvilon
Fedhas
Gozag
Qazlal
Wu Jian
The Shining One

Shops:
D:5 *   D:7 *


Innate Abilities, Weirdness & Mutations

You can breathe wild blasts of lightning.
Your glossy black scales are hard. (AC +7)
You cannot fit into any form of body armour.
You are resistant to electric shocks. (rElec)
You are cold-blooded and may be slowed by cold attacks.


Message History

The hornet is severely wounded.
You feel less wooden.
Your +2 hat unmelds from your body.
Your +0 pair of gloves unmelds from your body.
Your +0 pair of boots unmelds from your body.
The hornet stings you!
* * * LOW HITPOINT WARNING * * *
You are poisoned.
You feel yourself slow down. The hornet stings you.
* * * LOW HITPOINT WARNING * * *
You feel as though you will be slow longer.
You barely miss the hornet.
The hornet is severely wounded.
You feel sick. The hornet misses you. The hornet barely misses you.
The hornet stings you.
* * * LOW HITPOINT WARNING * * *
You feel as though you will be slow longer.
You feel better. The hornet stings you!
You die...
Your body crumbles into a pile of gold.

..... ###............#
....### ##..#........# ......
####..###).....# .....#
#.....###......# .)...#
#.....#........# .....#
#.....#.#......#
.....#########.......#......#
................y..###.######
...#..########..@...####
#.###.# ##......## ##### ##
##.#######....)).(###.#.#
................#)#.'...#
........###.....#.#.#####
##......# #######)).####
#......#### ##.....#
#.........## #####.#
#......##..######## #.###


You could see a hornet.

Vanquished Creatures
  2 two-headed ogres
  Grinder (D:5)
  Prince Ribbit (D:7)
  A spriggan (D:9)
  2 hell hounds (D:8)
  A sky beast (D:6)
  2 ice beasts
  2 orc warriors
  4 ogres
  5 centaurs
  A gnoll sergeant (D:9)
  5 bullfrogs
  A wyvern zombie (D:7)
  2 scorpions
  16 killer bees
  2 howler monkeys
  A centaur zombie (D:5)
  3 hounds
  A jelly (D:6)
  A bullfrog skeleton (D:6)
  A quasit (D:6)
  2 orc priests
  A centaur skeleton (D:8)
  2 orc wizards (D:8)
  2 iguanas
  5 worker ants
  A worker ant zombie (D:6)
  9 gnolls
  9 adders
  A shadow imp (D:7)
  An ooze (D:3)
  2 adder skeletons
  5 worms
  6 dart slugs
  3 leopard geckos
  15 orcs
  4 giant cockroaches
  12 goblins
  6 hobgoblins
  8 jackals
  13 kobolds
  4 quokkas
  A ball python (D:1)
  3 bats (D:1)
  4 frilled lizards
  A jackal skeleton (D:8)
  A leopard gecko zombie (D:6)
  6 rats (D:1)
182 creatures vanquished.

Vanquished Creatures (others)
  A kobold (D:1)
1 creature vanquished.

Grand Total: 183 creatures vanquished

Notes
Turn   | Place    | Note
-------+----------+-------------------------------------------
     0 | D:1      | Drevant the Draconian Wanderer began the quest for the Orb.
     0 | D:1      | Drevant set off with: a book of Air, a potion of curing, a +0 club, a bread ration
     0 | D:1      | Reached XP level 1. HP: 16/16 MP: 3/3
     2 | D:1      | Learned a level 1 spell: Shock
   222 | D:1      | Reached XP level 2. HP: 10/24 MP: 0/5
   900 | D:1      | Reached XP level 3. HP: 27/29 MP: 1/6
  1637 | D:2      | Reached skill level 3 in Air Magic
  1637 | D:2      | Reached XP level 4. HP: 15/37 MP: 0/8
  1643 | D:2      | Learned a level 4 spell: Airstrike
  2395 | D:2      | Reached XP level 5. HP: 23/45 MP: 0/9
  2723 | D:3      | Found an ornate altar of the Wu Jian Council.
  2750 | D:3      | Found a white marble altar of Elyvilon.
  2834 | D:3      | Reached skill level 4 in Air Magic
  2924 | D:3      | Found a blossoming altar of Fedhas.
  3385 | D:3      | Found an opulent altar of Gozag.
  3521 | D:3      | Became a worshipper of Gozag Ym Sagoz the Greedy
  3612 | D:4      | Noticed an ogre
  3612 | D:4      | Noticed an ogre
  3644 | D:4      | Killed an ogre
  3644 | D:4      | Reached XP level 6. HP: 13/52 MP: 0/10
  3649 | D:4      | Reached skill level 5 in Air Magic
  4297 | D:4      | Your scales start taking on a glossy black colour.
  4297 | D:4      | Reached skill level 7 in Air Magic
  4297 | D:4      | Reached XP level 7. HP: 47/60 MP: 11/11
  4297 | D:4      | Gained mutation: You are resistant to electric shocks. (rElec) [Black Draconian growth]
  4586 | D:5      | Entered Level 5 of the Dungeon
  4821 | D:5      | Reached skill level 5 in Fighting
  5219 | D:5      | Found a stormy altar of Qazlal.
  5225 | D:5      | Noticed Grinder
  5231 | D:5      | Paralysed by Grinder for 7 turns
  5247 | D:5      | Paralysed by Grinder for 4 turns
  5253 | D:5      | Killed Grinder
  5253 | D:5      | Reached skill level 8 in Air Magic
  5365 | D:5      | Found a staircase to the Ecumenical Temple.
  5459 | D:5      | Found Ganunoup's General Store.
  5467 | D:5      | Bought 2 potions of might for 104 gold pieces
  5782 | D:6      | Reached XP level 8. HP: 65/69 MP: 13/13
  5864 | D:6      | Found a glowing golden altar of the Shining One.
  6068 | D:6      | Reached skill level 9 in Air Magic
  6597 | D:7      | Got an ancient dagger
  6790 | D:7      | Noticed Prince Ribbit
  7222 | D:7      | Reached skill level 10 in Air Magic
  7599 | D:7      | Reached skill level 5 in Spellcasting
  7845 | D:7      | Reached XP level 9. HP: 67/78 MP: 16/16
  7979 | D:7      | Found Yweducue's General Store.
  7982 | D:7      | Bought a bread ration for 80 gold pieces
  7982 | D:7      | Bought a scroll of identify for 32 gold pieces
  8262 | D:8      | Found a staircase to the Lair.
  8633 | D:8      | Noticed a two-headed ogre
  8700 | D:7      | Killed Prince Ribbit
  8700 | D:7      | Reached skill level 11 in Air Magic
  9169 | D:8      | Killed a two-headed ogre
  9905 | D:9      | Reached XP level 10. HP: 74/86 MP: 10/22
 10547 | D:9      | Noticed a two-headed ogre
 10572 | D:9      | Noticed a two-headed ogre
 10589 | D:9      | Killed a two-headed ogre
 10589 | D:9      | Reached skill level 12 in Air Magic
 10715 | D:9      | Paralysed by a hornet for 1 turns
 10721 | D:9      | Slain by a hornet

Vault maps used:
D:1:      dpeg_arrival_tiny_f, serial_forest, infiniplex_forest_clump_double,
          infiniplex_forest_lined_3, infiniplex_forest_corner_2,
          infiniplex_forest_lined_room_3, infiniplex_forest_end_double
D:2:      first_bread
D:3:      overflow_temple_1_default, lemuel_doored_altar,
          overflow_temple_1_default, lemuel_coloured_pillars_altar
D:5:      kennysheep_little_box, minmay_temple_entry_statues_pillars,
          serial_shops, shop, uniq_grinder
D:6:      tso_oasis_becter
D:7:      serial_shops, shop, uniq_prince_ribbit1
D:8:      minmay_lair_entry_lava
D:9:      minitemple, orc_0_dummy, the_bakery

Skill      XL: |  1  2  3  4  5  6  7  8  9 10 |
---------------+-------------------------------+-----
Fighting       | 2 3 4 5 6 7 8 |  8.2
Air Magic      | 3 4 7 8 10 11 12 | 12.3
Spellcasting   | 3 5 8 |  8.4
Earth Magic    | 0 |  0.7
Crossbows      | |  1.7
Throwing       | |  1.7

Action                   |  1- 3 |  4- 6 |  7- 9 | 10-12 || total
-------------------------+-------+-------+-------+-------++-------
Melee: Club              |    44 |       |       |       ||    44
       Spear             |    43 |   107 |   388 |    57 ||   595
       Tailslap          |     5 |    11 |    40 |     4 ||    60
 Cast: Shock             |    45 |    72 |    16 |    10 ||   143
       Airstrike         |       |       |    63 |    24 ||    87
Invok: Potion Petition   |       |     1 |     1 |     1 ||     3
 Abil: Breathe Lightning |       |       |     1 |       ||     1
  Use: Potion            |       |       |     3 |     3 ||     6
       Scroll            |       |       |     1 |     1 ||     2
 Stab: Sleeping          |       |     1 |       |       ||     1
       Distracted        |       |       |     2 |       ||     2
  Eat: Chunk             |     3 |     7 |       |       ||    10
       Fruit             |       |     2 |     5 |       ||     7
       Royal jelly       |       |       |     2 |       ||     2
       Bread ration      |       |       |     4 |     1 ||     5
       Meat ration       |       |       |     1 |       ||     1
Armor: Skin              |    27 |    31 |   169 |    36 ||   263
Dodge: Dodged            |    72 |    63 |   214 |    32 ||   381

Table legend:
 A = Spawn XP
 B = Non-spawn XP
 C = Spawn XP percentage of total XP
 D = Spawn monster count
 E = Non-spawn monster count
 F = Spawn count percentage of total count
 G = Total turns spent on level
                    A         B        C        D         E        F      G
               +---------+---------+-------+---------+---------+-------+---------
         Total |       0 |    7694 |   0.0 |       0 |     182 |   0.0 | 10721
               +---------+---------+-------+---------+---------+-------+---------
           D:1 |       0 |      71 |   0.0 |       0 |      35 |   0.0 |  1346
           D:2 |       0 |     134 |   0.0 |       0 |      21 |   0.0 |  1269
           D:3 |       0 |      82 |   0.0 |       0 |      14 |   0.0 |   954
           D:4 |       0 |     572 |   0.0 |       0 |      13 |   0.0 |  1017
           D:5 |       0 |     512 |   0.0 |       0 |      13 |   0.0 |   959
           D:6 |       0 |     367 |   0.0 |       0 |       9 |   0.0 |   971
           D:7 |       0 |    1337 |   0.0 |       0 |      22 |   0.0 |  1724
           D:8 |       0 |    2086 |   0.0 |       0 |      27 |   0.0 |  1464
           D:9 |       0 |    2533 |   0.0 |       0 |      28 |   0.0 |  1017
               +---------+---------+-------+---------+---------+-------+---------
